 Dungeon Crawl Stone Soup version 0.22.0-49-gab54619 (webtiles) character file.

2291 vatarom the Zephyrmancer (level 9, -2/45 HPs)
             Began as a Tengu Air Elementalist on Sept 5, 2018.
             Was a Follower of Sif Muna.
             Slain by a slime creature (5 damage)
             ... on level 7 of the Dungeon.
             The game lasted 00:18:28 (9842 turns).

vatarom the Zephyrmancer (Tengu Air Elementalist)   Turns: 9842, Time: 00:18:29

Health: -2/45      AC:  2    Str:  8    XL:     9   Next: 40%
Magic:  3/21       EV: 13    Int: 22    God:    Sif Muna [*.....]
Gold:   390        SH:  0    Dex: 15    Spells: 7/22 levels left

rFire    . . .     SeeInvis +   p - +1 whip (venom)
rCold    . . .     Gourm    .   (no shield)
rNeg     . . .     Faith    .   a - +0 robe
rPois    .         Spirit   .   (helmet restricted)
rElec    .         Reflect  .   m - scarf {repulsion}
rCorr    .         Harm     .   (no gloves)
MR       .....                  (boots unavailable)
Stlth    ++........             (no amulet)
HPRegen  0.15/turn              t - +3 ring of intelligence
MPRegen  0.17/turn              i - ring of see invisible

@: repel missiles
A: beak, talons 3, able to fly 1
a: Fly, Divine Energy, Renounce Religion


You were on level 7 of the Dungeon.
You worshipped Sif Muna.
Sif Muna was aware of your devotion.
You were not hungry.

You visited 2 branches of the dungeon, and saw 8 of its levels.

You collected 390 gold pieces.

Inventory:

Hand Weapons
 p - a +1 whip of venom (weapon)
Armour
 a - a +0 robe (worn)
 e - a scarf of resistance
 m - a scarf of repulsion (worn)
Jewellery
 f - an uncursed ring of fire
 i - a ring of see invisible (right hand)
 t - a +3 ring of intelligence (left hand)
Wands
 b - a wand of flame (27)
 k - a wand of paralysis (14)
 n - a wand of digging (16) {@v1}
Scrolls
 g - 6 scrolls of teleportation {@r3}
 j - 3 scrolls of noise
 l - 4 scrolls of remove curse {@r2}
 q - a scroll of fog
 w - a scroll of torment {unknown}
 x - a scroll of amnesia
 y - a scroll of enchant armour {unknown}
Potions
 d - 3 potions of brilliance {@q6}
 h - a potion of berserk rage {unknown}
 o - a potion of heal wounds {unknown}
 r - a potion of ambrosia {unknown}
 s - 3 potions of degeneration {unknown}
 u - 2 potions of might {unknown}
 v - 2 potions of flight {unknown}
Comestibles
 c - 8 rations {@e1}
 z - 6 chunks of flesh


   Skills:
 - Level 2.1 Dodging
 - Level 2.0 Stealth
 * Level 7.4 Spellcasting
 + Level 7.6 Conjurations
 + Level 9.3 Air Magic
 + Level 3.1 Invocations


You had 7 spell levels left.
You knew the following spells:

 Your Spells              Type           Power        Failure   Level  Hunger
a - Shock                 Conj/Air       ####         1%          1    None
b - Swiftness             Chrm/Air       ####....     1%          2    None
c - Static Discharge      Conj/Air       #####...     1%          3    None
d - Airstrike             Air            #####.....   1%          4    ###....
w - Lightning Bolt        Conj/Air       #####.....   7%          5    #####..

Your spell library contained the following spells:

 Spells                   Type           Power        Failure   Level  Hunger
 Dazzling Spray           Conj/Hex       ###...       4%          3    None
 Corona                   Hex            #......      8%          1    None
 Ensorcelled Hibernation  Hex/Ice        #.....       12%         2    None
 Confuse                  Hex            #.......     24%         3    None
 Tukima's Dance           Hex            #.......     24%         3    None


Dungeon Overview and Level Annotations

Branches:
Dungeon (7/15)             Temple (1/1) D:6

Altars:
Ashenzari
Cheibriados
Dithmenos
Elyvilon
Fedhas
Gozag
Hepliaklqana
Kikubaaqudgha
Makhleb
Nemelex Xobeh
Okawaru
Qazlal
Ru
Sif Muna
Trog
Uskayaw
Vehumet
Wu Jian
Xom
Yredelemnul
Zin
The Shining One

Shops:
D:5 ?

Annotations:
D:2 Robin
D:5 Dowan, Duvessa


Innate Abilities, Weirdness & Mutations

You have a beak for a mouth.
You have claws for feet.
You can fly.


Message History

Aiming: Shock (safe; 1% risk of failure)
Press: ? - help, Shift-Dir - straight line, f/p - slime creature
Aim: a slime creature (severely wounded)
The zap hits the slime creature.
The slime creature is severely wounded.
The slime creature hits you!
Casting: Shock (safe; 1% risk of failure)
Confirm with . or Enter, or press ? or * to list all spells.
The slime creature is struck by lightning.
The slime creature is severely wounded.
The lightning arcs!
You are struck by lightning.
The lightning arcs!
The slime creature is struck by lightning.
The slime creature is almost dead.
The lightning grounds out.
The slime creature hits you!
* * * LOW HITPOINT WARNING * * *
Okay, then.
Okay, then.
Okay, then.
The slime creature hits you.
You die...

.......#
...............#########
.#####.#................########
.## #)#..#####.รท#####..#....[.#
..# #[#......#..#......#.....(#
### #.# .....#..#......#......#
######.#####..#..#..#####......#
.......#......#..#..... #.#..###
.......#......#.J#......#)##.##
.......#..#####.@#####..#)##..#
.......#......#..#Z.....#.###.#
######.# .....#..#......#.# #.#
#.#####.y#..#..#####.# #.###
#.#.....g#.)#..... #.# #.#..
#.#......#..#......#.# #....
#.#..#####..#####..#.# #.... #.#
#..#......#.# #.... #.#
#..#......#.# #....


You could see a slime creature and a worker ant zombie.

Vanquished Creatures
  A hippogriff (D:7)
  A hungry ghost (D:7)
  A water moccasin (D:7)
  3 ogres
  An ice beast (D:7)
  A phantom (D:5)
  A centaur (D:6)
  Blork the orc (D:4)
  4 bullfrogs
  A water moccasin zombie (D:6)
  A killer bee (D:7)
  3 wights (D:7)
  4 crimson imps
  2 jellies (D:7)
  4 hounds
  3 orc wizards
  An orc priest (D:6)
  A bullfrog skeleton (D:7)
  An iguana (D:6)
  2 worker ants
  2 gnolls (D:7)
  12 adders
  A shadow imp (D:5)
  2 worms
  A dart slug (D:3)
  5 leopard geckos
  17 orcs
  2 ball pythons (D:1)
  3 giant cockroaches
  21 goblins
  10 hobgoblins
  13 jackals
  8 kobolds
  A ball python skeleton (D:4)
  5 bats
  5 frilled lizards
  9 rats
154 creatures vanquished.

Vanquished Creatures (others)
  An adder zombie (D:6)
1 creature vanquished.

Grand Total: 155 creatures vanquished

Notes
Turn   | Place    | Note
-------+----------+-------------------------------------------
     0 | D:1      | vatarom the Tengu Air Elementalist began the quest for the
                  | Orb.
     0 | D:1      | Reached XP level 1. HP: 10/10 MP: 4/4
   272 | D:1      | Reached XP level 2. HP: 15/15 MP: 4/6
   411 | D:1      | Learned a level 2 spell: Swiftness
   904 | D:1      | Reached XP level 3. HP: 19/19 MP: 3/7
   993 | D:1      | Learned a level 3 spell: Static Discharge
  1288 | D:2      | Reached skill level 5 in Air Magic
  1645 | D:2      | Reached XP level 4. HP: 24/24 MP: 5/8
  1670 | D:2      | Noticed Robin
  3429 | D:3      | Gained mutation: You can fly. [Tengu growth]
  3429 | D:3      | Reached XP level 5. HP: 28/28 MP: 5/10
  3554 | D:3      | Reached skill level 6 in Air Magic
  4075 | D:4      | Noticed Blork the orc
  4306 | D:4      | Noticed an ogre
  4604 | D:4      | Killed an ogre
  4604 | D:4      | Reached XP level 6. HP: 32/32 MP: 3/12
  4610 | D:4      | Learned a level 4 spell: Airstrike
  4823 | D:4      | Killed Blork the orc
  5100 | D:5      | Entered Level 5 of the Dungeon
  5144 | D:5      | Reached skill level 7 in Air Magic
  5148 | D:5      | Reached XP level 7. HP: 32/36 MP: 6/14
  5224 | D:5      | Found Efaa's Magic Scroll Boutique.
  5540 | D:5      | Found a glowing silver altar of Zin.
  5943 | D:5      | Noticed Dowan
  5946 | D:5      | Noticed Duvessa
  6060 | D:5      | Reached skill level 5 in Conjurations
  6174 | D:5      | Learned a level 5 spell: Lightning Bolt
  6645 | D:6      | Reached skill level 5 in Spellcasting
  7064 | D:6      | Reached XP level 8. HP: 41/41 MP: 14/17
  7068 | D:6      | Found a staircase to the Ecumenical Temple.
  7069 | D:6      | Got a slimy cloak
  7080 | D:6      | Identified the +0 cloak of Prudence {rElec rF+ Str-2} (You
                  | found it on level 6 of the Dungeon)
  7165 | Temple   | Entered the Ecumenical Temple
  7233 | Temple   | Became a worshipper of Sif Muna the Loreminder
  7328 | D:6      | Reached skill level 8 in Air Magic
  7571 | D:6      | Reached skill level 1 in Invocations
  8734 | D:7      | Reached * piety under Sif Muna
  8868 | D:7      | Reached XP level 9. HP: 45/45 MP: 7/20
  8902 | D:7      | Reached skill level 9 in Air Magic
  9242 | D:7      | Noticed a four-headed hydra
  9840 | D:7      | HP: 2/45 [slime creature (15)]
  9842 | D:7      | Slain by a slime creature

Skill      XL: |  1  2  3  4  5  6  7  8  9 |
---------------+----------------------------+-----
Conjurations   | 2 3 4 5 7 |  7.6
Air Magic      | 5 6 7 8 9 |  9.3
Spellcasting   | 3 4 5 6 7 |  7.4
Invocations    | 2 3 |  3.1
Dodging        | |  2.1
Stealth        | |  2.0

Action                   |  1- 3 |  4- 6 |  7- 9 || total
-------------------------+-------+-------+-------++-------
Melee: Unarmed           |     5 |       |       ||     5
       Peck              |     4 |     3 |     4 ||    11
       Kick              |     2 |     2 |     7 ||    11
       Whip              |     2 |    25 |    45 ||    72
 Cast: Shock             |    64 |   104 |   100 ||   268
       Static Discharge  |     2 |     7 |    20 ||    29
       Airstrike         |       |       |    28 ||    28
       Lightning Bolt    |       |       |     3 ||     3
 Abil: Fly               |       |     1 |     2 ||     3
Evoke: Wand              |       |     1 |       ||     1
  Use: Scroll            |     3 |     5 |     1 ||     9
 Stab: Sleeping          |       |     1 |     1 ||     2
  Eat: Chunk             |     3 |     4 |     6 ||    13
       Ration            |       |     2 |     4 ||     6
Armor: Robe              |     2 |     8 |     8 ||    18
Dodge: Dodged            |    14 |    38 |    50 ||   102
       Deflected         |       |     3 |     5 ||     8
